 Dungeon Crawl Stone Soup version 0.18.1-8-gdd0e5ea (webtiles) character file.

90 westwoodlt the Poker (level 4, -2/49 HPs)
             Began as a Merfolk Skald on May 26, 2016.
             Slain by a gnoll
             ... wielding a +0 flail
              (5 damage)
             ... on level 2 of the Dungeon.
             The game lasted 00:22:55 (3170 turns).

westwoodlt the Poker (Merfolk Skald)                Turns: 3170, Time: 00:22:56

Health: -2/49      AC: 22    Str: 12    XL:     4   Next: 56%
Magic:  6/7        EV:  2    Int: 11    God:
Gold:   132        SH:  0    Dex: 14    Spells: 3 memorised, 2 levels left

rFire  . . .     SeeInvis +     i - -2 spear (curse)
rCold  . . .     Gourm    .     (armour currently unavailable)
rNeg   + + +     Faith    .     (no shield)
rPois  +         Spirit   .     (helmet currently unavailable)
rElec  .         Dismiss  .     (cloak currently unavailable)
rCorr  .         Reflect  .     (gloves currently unavailable)
SustAt .         Harm     .     (boots currently unavailable)
MR     .....     NoTele   +     (no amulet)
Stlth  +.........               (no ring)
                                s - ring of see invisible

@: tree-form, not resistant to hostile enchantments, very unstealthy
A: (change form in water), (swift swim)
a: no special abilities


You were on level 2 of the Dungeon.
You were not hungry.
You were a tree.
You visited 1 branch of the dungeon, and saw 3 of its levels.

You collected 132 gold pieces.

Inventory:

Hand Weapons
 a - a +0 spear
 i - a cursed -2 spear (weapon)
 w - a +0 dagger of pain
Missiles
 e - 123 stones (quivered)
 f - 8 poisoned needles
 x - a throwing net
Armour
 b - a +0 leather armour
 g - a +0 helmet (melded)
 h - a +0 ring mail of fire resistance (melded)
 n - a cursed +0 pair of boots (melded)
Jewellery
 s - a ring of see invisible (left branch)
Scrolls
 j - a scroll of identify
Potions
 l - a potion of agility
 o - a potion of cure mutation
 t - a potion of brilliance
 u - a potion of invisibility {unknown}
Books
 c - a book of Battle

   Spells                             Type                      Level
   a - Infusion                       Charms                       1
   b - Shroud of Golubria             Charms/Translocation         2
   c - Song of Slaying                Charms                       2
   d - Spectral Weapon                Hexes/Charms                 3
   e - Regeneration                   Charms/Necromancy            3
Comestibles
 d - a bread ration
 m - 2 slices of pizza
 p - a beef jerky
 r - a meat ration
 v - a royal jelly


   Skills:
 - Level 2.1 Fighting
 * Level 5.5 Polearms
 - Level 0.6 Armour
 + Level 3.6 Dodging
 - Level 2.0 Spellcasting
 - Level 3.2 Charms


You had 2 spell levels left.
You knew the following spells:

 Your Spells              Type           Power        Failure   Level  Hunger
a - Infusion              Chrm           #...         10%         1    ##.....
b - Shroud of Golubria    Chrm/Tloc      #.........   24%         2    ###....
c - Song of Slaying       Chrm           #.......     14%         2    ###....


Dungeon Overview and Level Annotations

Branches:
Dungeon (3/15)

Altars:
Makhleb


Message History

You hit the gnoll but do no damage.
The gnoll is heavily wounded.
The gnoll hits you but does no damage.
You hit the gnoll.
The gnoll is severely wounded.
You barely miss the gnoll.
The gnoll is severely wounded.
The gnoll hits you but does no damage.
You hit the gnoll but do no damage.
The gnoll is severely wounded.
The gnoll hits you but does no damage.
You hit the gnoll but do no damage.
The gnoll is severely wounded.
You hit the gnoll.
The gnoll is almost dead.
The gnoll hits you but does no damage.
You closely miss the gnoll.
The gnoll is almost dead.
The gnoll hits you with a flail.
You die...

#.##..#.###....#.#..#
#.##.................
#.##..#.###.........#
#.#>..#.###....###..#
#.#..................
##.#...#.###..........
#.....................
#..#..g#.###.#.###....
#..#.♣.#.........##...
####.....................
#........................
####.##...#.####.........
#.##...#.....)........
#.##(..######.###.#.#.
#.##...###.....##.#.#.
#..............##.#.#.
####...###.....##.#.#.


You could see a gnoll.

Vanquished Creatures
  3 gnolls
  An ooze (D:2)
  A worm (D:2)
  A dart slug (D:1)
  4 giant geckos
  6 bats
  2 giant cockroaches
  8 goblins
  4 hobgoblins
  4 jackals
  A quokka (D:3)
  2 giant newts (D:3)
  3 kobolds
  4 rats
44 creatures vanquished.

Notes
Turn   | Place    | Note
--------------------------------------------------------------
     0 | D:1      | westwoodlt the Merfolk Skald began the quest for the Orb.
     0 | D:1      | Reached XP level 1. HP: 16/16 MP: 3/3
   254 | D:1      | Reached XP level 2. HP: 22/22 MP: 5/5
   451 | D:1      | Reached skill level 4 in Polearms
   563 | D:1      | Learned a level 2 spell: Shroud of Golubria
   566 | D:1      | Learned a level 2 spell: Song of Slaying
  1143 | D:2      | Reached XP level 3. HP: 27/27 MP: 2/6
  2248 | D:3      | Found a burning altar of Makhleb.
  2526 | D:3      | Reached skill level 5 in Polearms
  2526 | D:3      | Reached XP level 4. HP: 23/33 MP: 2/7
  3163 | D:2      | HP: 2/49 [gnoll/flail (4)]
  3170 | D:2      | Slain by a gnoll

Skill      XL: |  1  2  3 |
---------------+----------+-----
Dodging        | 2 3 |  3.6
Polearms       | 4 5 |  5.5
Fighting       | |  2.1
Armour         | |  0.6
Spellcasting   | |  2.0
Charms         | |  3.2

Action                   |  1- 3 |  4- 6 || total
-------------------------+-------+-------++-------
Melee: Spear             |   163 |    95 ||   258
Throw: Stone             |     6 |     1 ||     7
 Cast: Infusion          |    15 |     4 ||    19
  Use: Scroll            |     9 |       ||     9
       Potion            |       |     2 ||     2
  Eat: Chunk             |     5 |     3 ||     8
Armor: Ring mail         |    24 |    21 ||    45
       Leather armour    |     2 |       ||     2
       Skin              |       |     3 ||     3
Dodge: Dodged            |    60 |    37 ||    97
